 Dungeon Crawl Stone Soup version 0.31-a0-986-g5e6e4ef867 (webtiles) character file.

Game seed: 3849598111908599065

2790 Dittersdorf the Shield-Bearer (level 9, -4/59 HPs)
             Began as a Gargoyle Fighter on Nov 3, 2023.
             Was a Believer of Okawaru.
             Slain by a wight
             ... wielding a +3 dire flail
              (7 damage)
             ... on level 8 of the Dungeon.
             The game lasted 00:09:18 (7835 turns).

Dittersdorf the Shield-Bearer (Gargoyle Fighter)    Turns: 7835, Time: 00:09:19

Health: -4/59      AC: 19    Str: 25    XL:     9   Next: 71%
Magic:  9/9        EV:  8    Int: 14    God:    Okawaru [**....]
Gold:   879        SH: 10    Dex: 12    Spells: 8/8 levels left

rFire   + . .        l - +4 flail (drain)
rCold   . . .        u - +0 kite shield
rNeg    + . .        j - +0 chain mail
rPois   ∞            (no helmet)
rElec   +            b - +0 cloak
rCorr   .            c - +0 pair of gloves {Dex+3}
SInv    .            (no boots)
Will    .....        (no amulet) Stlth
                     s - +6 ring of intelligence
HPRegen 0.29/turn    a - ring of protection from fire
MPRegen 0.11/turn

%: no passive effects
@: no status effects
A: sickness immunity, AC +6, negative energy resistance 1, electricity
resistance, torment resistance 1, petrification resistance
a: Renounce Religion, Heroism


You were on level 8 of the Dungeon.
You worshipped Okawaru.
Okawaru was pleased with you.
You visited 2 branches of the dungeon, and saw 10 of its levels.

You collected 1178 gold pieces.
You spent 299 gold pieces at shops.

Inventory:

Hand Weapons
 l - a +4 flail of draining (weapon)
Armour
 b - a +0 cloak (worn)
 c - a +0 pair of gloves of dexterity (worn)
 j - a +0 chain mail (worn)
 u - a +0 kite shield (worn)
Jewellery
 a - a ring of protection from fire (right hand)
 o - a ring of fire
 s - a +6 ring of intelligence (left hand)
Wands
 g - a wand of mindburst (1) (quivered)
 n - a wand of roots (9)
 q - a wand of flame (33)
 t - a wand of light (14)
Scrolls
 i - 4 scrolls of fear
 w - a scroll of poison
Potions
 d - a potion of might
 e - a potion of invisibility {unknown}
 f - 2 potions of heal wounds
 h - 2 potions of mutation
 k - 3 potions of haste
 m - 2 potions of cancellation
 p - a potion of enlightenment
 r - 2 potions of resistance
 v - a potion of lignification {unknown}


   Skills:
 + Level 7.8 Fighting
 + Level 6.8 Maces & Flails
 + Level 7.9 Armour
 + Level 7.9 Shields


You had 8 spell levels left.
You didn't know any spells.
Your spell library contained the following spells:

 Spells                   Type           Power      Damage    Failure   Level
 Foxfire                  Conj/Fire      0%         2x1d4     93%         1
 Ignite Poison            Fire/Tmut/Pois 0%         N/A       100%        3
 Stone Arrow              Conj/Erth      0%         3d7       100%        3
 Anguish                  Hex/Necr       0%         N/A       100%        4
 Cause Fear               Hex            0%         N/A       100%        4
 Fulminant Prism          Conj/Hex       0%         3d5       100%        4
 Enfeeble                 Hex            0%         N/A       100%        7
 Lehudib's Crystal Spear  Conj/Erth      0%         10d2      100%        8
 Animate Armour           Summ/Erth      Unusable   N/A       N/A         4

Dungeon Overview and Level Annotations

Branches:
Dungeon (9/15)             Temple (1/1) D:5
   Lair: D:8-11         Orc: D:9-12

Altars:
Ashenzari
Cheibriados
Dithmenos
Elyvilon
Fedhas
Gozag
Hepliaklqana
Kikubaaqudgha
Makhleb
Nemelex Xobeh
Okawaru
Qazlal
Ru
Sif Muna
Trog
Uskayaw
Vehumet
Wu Jian
Xom
Yredelemnul
Zin
The Shining One

Shops:
D:5 :   D:6 :   D:8 [


Innate Abilities, Weirdness & Mutations

You are immune to sickness and miasma.
Your stone body is resilient. (AC +6)
You are immune to poison.
You resist negative energy. (rN+)
You are resistant to electric shocks. (rElec)
You are resistant to unholy torment.
You are immune to petrification.


Message History

The wight hits you with a +0 war axe.
You are too injured to fight recklessly!
You are too injured to fight recklessly!
You are too injured to fight recklessly!
You are too injured to fight recklessly!
You are too injured to fight recklessly!
You are too injured to fight recklessly!
You are too injured to fight recklessly!
You are too injured to fight recklessly!
You are too injured to fight recklessly!
You are too injured to fight recklessly!
You are too injured to fight recklessly!
You are too injured to fight recklessly!
You are too injured to fight recklessly!
You are too injured to fight recklessly!
You are too injured to fight recklessly!
You are too injured to fight recklessly!
You are too injured to fight recklessly!
You are too injured to fight recklessly!
You are too injured to fight recklessly!
You are too injured to fight recklessly!
The wight misses you. The wight attacks as it pursues you!
The wight hits you with a +2 battleaxe!
* * * LOW HITPOINT WARNING * * *
The wight attacks as it pursues you!
The wight hits you with a +3 dire flail.
* * * LOW HITPOINT WARNING * * *
The wight attacks as it pursues you!
The wight hits you with a +3 dire flail.
* * * LOW HITPOINT WARNING * * *
The wight misses you. The wight attacks as it pursues you!
You block the wight's attack. The wight attacks as it pursues you!
The wight hits you but does no damage.
There is an escape hatch in the ceiling here.
The wight hits you but does no damage. A mysterious force pulls you upwards.
The hatch slams shut behind you. The wight attacks as it pursues you!
You block the wight's attack. The wight attacks as it pursues you!
The wight hits you with a +3 dire flail!
You die...

...#.# #.............##.##
##...
...#.###............####.##
#.... .....##.............#
##.###....
...#..#............##
#..##....
#####..............#
##.##.... # #...........z.##
##.#.... ##.............#
#...... #...........zz## ###
##..... #............@#
##.## ##....
##............## #...##
#.... #............##
##....## ##...
#...........## ##......#
#...
#............####.......##
##..
##.#######......#.........##
##. #..# #.................#
#. ##.## #.....#...........#
#. ...# #.....##..........##
##


You could see 3 wights.

Vanquished Creatures
  Sigmund (D:2)
  2 orc warriors
  A black bear (Temple)
  A sky beast (D:7)
  An ice beast (D:5)
  4 ogres
  4 centaurs
  A phantom (D:4)
  A kobold brigand (D:7)
  A gnoll sergeant (D:8)
  2 scorpions (D:5)
  A wight (D:9)
  3 howler monkeys
  A jelly (D:7)
  3 hounds
  A gnoll bouda (D:8)
  4 orc priests
  4 iguanas
  Ijyb (D:4)
  12 orc wizards
  A sleepcap (D:6)
  An ogre zombie (D:4)
  8 gnolls
  6 adders
  An orc zombie (D:4)
  A shadow imp (D:7)
  4 white imps
  2 ufetubi (D:7)
  2 dart slugs (D:1)
  21 orcs
  5 ball pythons
  4 endoplasms
  3 goblins
  4 hobgoblins
  6 jackals (D:1)
  15 kobolds
  4 quokkas
  5 bats
  A frilled lizard (D:3)
  5 rats
  A spectral orc (D:5)
149 creatures vanquished.

Notes
Turn   | Place    | Note
-------+----------+-------------------------------------------
     0 | D:1      | Dittersdorf the Gargoyle Fighter began the quest for the
                  | Orb.
     0 | D:1      | Reached XP level 1. HP: 14/14 MP: 1/1
   296 | D:1      | Reached XP level 2. HP: 19/19 MP: 2/2
   701 | D:1      | Reached XP level 3. HP: 21/23 MP: 3/3
  1309 | D:2      | Noticed Sigmund
  1319 | D:2      | Killed Sigmund
  1320 | D:2      | Reached XP level 4. HP: 29/30 MP: 4/4
  1320 | D:2      | Reached XP level 5. HP: 33/34 MP: 5/5
  1788 | D:3      | Found a hazy altar of Hepliaklqana.
  1829 | D:3      | Found a white marble altar of Elyvilon.
  1839 | D:3      | Found a snail-covered altar of Cheibriados.
  1889 | D:3      | Reached XP level 6. HP: 39/39 MP: 6/6
  2118 | D:4      | Identified a scroll of acquirement
  2118 | D:4      | Acquired 680 gold pieces
  2191 | D:4      | You fall into a shaft and drop 3 floors!
  2508 | D:7      | Noticed an orc warrior
  2516 | D:7      | Reached skill level 5 in Armour
  2516 | D:7      | Reached skill level 5 in Shields
  2558 | D:6      | Reached skill level 5 in Fighting
  2558 | D:6      | Reached XP level 7. HP: 26/44 MP: 7/7
  2608 | D:6      | HP: 2/44 [ogre/+0 giant spiked club (25)]
  2846 | D:6      | Found Igotip's Book Emporium.
  2934 | D:5      | Entered Level 5 of the Dungeon
  2934 | D:5      | Found a staircase to the Ecumenical Temple.
  2943 | Temple   | Entered the Ecumenical Temple
  3012 | Temple   | Became a worshipper of Warmaster Okawaru
  3091 | Temple   | Reached XP level 8. HP: 41/51 MP: 8/8
  3355 | D:4      | Found a transporter.
  3387 | D:4      | Noticed Ijyb
  3401 | D:4      | Killed Ijyb
  3477 | D:4      | Identified the +2 ring mail of Baleful the Good {Contam
                  | rPois rC+++}
  3583 | D:4      | Found a transporter.
  3661 | D:4      | Reached skill level 5 in Maces & Flails
  3931 | D:5      | Found a basalt altar of Yredelemnul.
  3962 | D:5      | Found Sungomeuw's Self-Improvement Boutique.
  4127 | D:5      | Reached * piety under Okawaru
  4303 | D:5      | Identified the +1 sling of Taxation {flame, Str+3 Dex+3}
  4883 | D:6      | Found Igotip's Book Emporium.
  5585 | D:7      | Reached XP level 9. HP: 24/56 MP: 9/9
  5602 | D:7      | HP: 2/56 [orc priest/nerve-wracking pain (3)]
  6146 | D:7      | Found a hide-covered altar of Uskayaw.
  6443 | D:8      | Identified the "Ijafor Jar"
  6630 | D:8      | Reached ** piety under Okawaru
  6939 | D:8      | Found Duacua's Antique Armour Shop.
  6969 | D:8      | Bought a kite shield for 112 gold pieces
  6981 | D:8      | Bought a pair of glowing gloves for 187 gold pieces
  7829 | D:9      | HP: 2/59 [wight/+3 dire flail (4)]
  7835 | D:8      | Slain by a wight

Illustrated notes

Levels and vault maps discovered:
D:1:      dpeg_arrival_circle_labyrinth_a, layout_loops_ring,
          minmay_close_crescents
D:2:      layout_loops_ring, uniq_sigmund
D:3:      layout_rooms, nicolae_hepliaklqana_hippocampus, jmf_multi_god_temple,
          chequers_garden
D:4:      gammafunk_cloud_chamber, layout_basic, skrybe_limestone_x, uniq_ijyb
D:5:      layout_gridville, yredelemnul_forgotten_temple_becter,
          minmay_temple_entry_steel_oval, nicolae_shop_self_help
D:6:      nicolae_BIG_FREAKIN_CUBE, layout_rooms, serial_shops,
          nicolae_shop_advertising_works [nicolae_subvault_shop_adworks],
          hex_medium, corexii_hall_statues_s
D:7:      layout_rooms, lemuel_tele_altar, serial_park_tiny_pond,
          chequers_serial_rivers_small_b, minmay_quadrilaterals
D:8:      layout_cave_pods, serial_shops, shop
D:9:      layout_cave_pools, hiddenorc1_lemuel
Temple:   minmay_temple_bridge_d

Skill      XL: |  1  2  3  4  5  6  7  8  9 |
---------------+----------------------------+-----
Fighting       | 4 5 6 7 |  7.8
Maces & Flails | 3 4 5 6 |  6.8
Armour         | 4 5 6 7 |  7.9
Shields        | 4 5 7 |  7.9

Action                     |  1- 3 |  4- 6 |  7- 9 || total
---------------------------+-------+-------+-------++-------
  Melee: Flail             |   109 |   138 |   322 ||   569
  Evoke: Wand              |       |     2 |    10 ||    12
    Use: Scroll            |       |     5 |    10 ||    15
 Armour: Scale mail        |    35 |       |       ||    35
         Chain mail        |    47 |   144 |   316 ||   507
  Dodge: Dodged            |    43 |    53 |   113 ||   209
  Block: Buckler           |    24 |    25 |    61 ||   110
         Kite shield       |       |       |    34 ||    34

Table legend: (Time is in decaauts)
 A = Elapsed time spent in this place.
 B = Non-inter-level travel time spent in this place.
 C = Inter-level travel time spent in this place.
 D = Time resting spent in this place.
 E = Time spent auto-exploring this place.
 F = Levels seen in this place.
 G = Mean time per level.
                   A        B        C        D        E       F      G
               +--------+--------+--------+--------+--------+-----+--------+
         Total |   7957 |   7318 |    639 |    912 |   4899 |  10 |  795.7 |
       Dungeon |   7758 |   7257 |    501 |    872 |   4899 |   9 |  862.0 |
        Temple |    199 |     61 |    138 |     40 |      0 |   1 |  199.0 |
               +--------+--------+--------+--------+--------+-----+--------+

Top non-repeatable levels by time:
     D:7: 1339 daAuts
     D:6: 1335 daAuts
     D:8: 1207 daAuts
     D:1: 1088 daAuts
     D:5: 917 daAuts
     D:4: 687 daAuts
     D:2: 576 daAuts
     D:3: 501 daAuts
  Temple: 199 daAuts
     D:9: 105 daAuts
